[Event "12th National Amateur Chess-ch 2025"]
[Site "Bihar"]
[Date "2025.03.27"]
[Round "4.3"]
[White "Aabhas Kumar Srivastava"]
[Black "Arhan Jain"]
[Result "0-1"]
[Annotator "TA"]
[ECO "B82"]
[WhiteElo "1756"]
[BlackElo "1914"]
[PlyCount "164"]
[EventDate "2025.03.25"]
[EventCountry "IND"]
[SourceTitle "playchess.com"]
[Source "ChessBase"]
[SourceQuality "1"]
[TimeControl "5400+30"]

1. e4 c5 2. Nf3 e6 3. d4 cxd4 4. Nxd4 a6 5. Nc3 Qc7 6. Bd3 Nf6 7. O-O Be7 8. Qe2 d6 9. Kh1 b5 10. f4 Nbd7 11. Bd2 Bb7 12. b4 O-O 13. a4 {[%emt 0:08:11] B82: Sicilian Scheveningen: 6 f4.} bxa4 14. Rxa4 Qb6 (14... Nb6 $11) 15. Nf3 $146 (15. Nb3 $1 $16) ({Predecessor:} 15. Nb3 e5 16. Na5 Bc8 17. Nd5 Nxd5 18. exd5 Bf6 19. Qe4 g6 20. fxe5 Bxe5 21. Nc4 {1-0 Eggleston,D (2408)-Abbas,D (2281) BCF-chTb 1819 (4NCL) 2018 (6.65)}) 15... e5 16. Bc4 (16. Nh4 $11) 16... Qc6 ({Black should play} 16... exf4 $15 17. Bxf4 Bc6) 17. Ra2 (17. Bb3 $14) 17... Rfc8 (17... Qc7 $11) 18. Bb3 $1 $16 Qc7 (18... Nxe4 $2 19. Nd5 Bd8 20. Qxe4 $18) 19. Nh4 (19. Ng5 $16 Rf8 20. Nd5 Nxd5 21. exd5) 19... exf4 20. Nf5 Bf8 21. Rxf4 Ne5 22. Qf2 (22. Nd5 Nxd5 23. exd5 (23. Bxd5 Bxd5 24. exd5 g6 $17) 23... g6 $11) (22. Ne3 {is more complex.} Be7 23. Ncd5 Nxd5 24. Nxd5 Bxd5 25. Bxd5 Bg5 26. Bxa8 Bxf4 27. Bxf4 Rxa8 28. Rxa6 Rb8 29. Bxe5 dxe5) 22... Kh8 (22... Ng6 $2 23. Nh6+ gxh6 24. Rxf6 $18) 23. Ne3 Qb6 (23... Be7 $1 $14) 24. Ned5 (24. Rxf6 $16 gxf6 25. Ncd5 (25. Qxf6+ Bg7 $11)) 24... Qxf2 $11 25. Rxf2 Bxd5 26. Bxd5 ({Better is} 26. Nxd5 $14 Nxe4 27. Re2 Nxd2 28. Rxd2) 26... Nxd5 (26... Rab8 $11 {remains equal.}) 27. Nxd5 $16 Nc4 {[%emt 0:02:28] Prevents Nb6.} 28. Be3 (28. Bc3 $16) 28... Kg8 29. Bd4 Rcb8 {[%emt 0:04:26] [#]} (29... a5 $1 $11) 30. c3 $1 Rb7 {[%emt 0:00:37] Wards off Nc7} 31. Ra1 Be7 (31... Re8 $16) 32. Rfa2 $18 a5 (32... Re8 $16 33. Rxa6 Rbb8) 33. g3 $2 (33. bxa5 $18 {Strongly threatening a6.} Bd8 34. a6) 33... Bd8 $14 34. Kg2 Rb5 35. g4 f6 36. Kf3 Rab8 37. Ke2 axb4 38. cxb4 Bb6 39. Kd3 (39. Bc3 $16) 39... Bxd4 $11 40. Kxd4 Nb6 41. Ne7+ Kf8 $1 42. Nc6 Rc8 $36 {[%emt 0:00:11][%mdl 2048] Black is more active.} 43. Rc2 Nd7 44. Rac1 (44. Ra5 $11 Rb7 45. Kd5) 44... Ne5 $15 45. Na7 (45. Nxe5 $15 dxe5+ (45... fxe5+ $2 46. Ke3 $17) 46. Ke3 Rxc2 47. Rxc2 Rxb4 48. h4) 45... Rxb4+ $19 46. Kd5 Rxc2 47. Rxc2 Nxg4 48. Kxd6 {[%emt 0:01:07][%mdl 4096] Endgame KRN-KRN. Black is a pawn up.} (48. Rc3 {was necessary.}) 48... Rd4+ ({But not} 48... Rxe4 49. Nc6 $19) 49. Ke6 {[%emt 0:00:37] White wants to mate with Rc8+.} Rxe4+ 50. Kf5 Ne3+ 51. Kxe4 Nxc2 {[%emt 0:00:02] KN-KN. Black is two pawns up.} 52. Nc6 Na3 53. Nd4 Nc4 54. h4 (54. Kd5 $142 Ne3+ 55. Ke4) 54... Kf7 55. Kf4 Kg6 56. Nf5 Ne5 57. h5+ {[%emt 0:00:30] [#]} Kf7 $1 58. Nd4 Nc4 59. Nc6 g5+ 60. Kf5 $2 (60. hxg6+ hxg6 61. Nd8+ Ke7 62. Nc6+ Kd6 63. Nd4) 60... Nd6+ 61. Kg4 Kg7 62. Ne7 h6 63. Nc6 f5+ 64. Kf3 Kf6 65. Nd8 (65. Nb4 $142) 65... Ne8 66. Nc6 Ng7 67. Nd4 Nxh5 68. Ne2 g4+ 69. Kg2 Kg5 70. Nd4 Nf4+ 71. Kg3 h5 72. Nc6 h4+ 73. Kh2 g3+ 74. Kg1 Kg4 75. Ne5+ Kh3 76. Nf3 Ne6 77. Kh1 f4 {[%emt 0:00:21] ...Kg4 is the strong threat.} 78. Ne5 Nd4 {[%emt 0:00:17] Black mates.} 79. Nf3 g2+ 80. Kg1 Nxf3+ 81. Kf2 g1=Q+ 82. Ke2 Qe3+ {[%emt 0:00:05] Quite a comeback for Black.   Weighted Error Value: White=0.44/Black=0.28 (precise)   Missed win:     	White=1     	---        Mistake:       	White=14    	Black=8      Inaccurate:     	White=1     	Black=3      OK:         	White=10    	Black=24     Best:        	White=3     	Black=4      Strong:       	White=1     	Black=1} 0-1

[Event "12th National Amateur Chess-ch 2025"]
[Site "Bihar"]
[Date "2025.03.27"]
[Round "4.4"]
[White "Utkrisht Tuli"]
[Black "Daksh Goyal"]
[Result "1-0"]
[Annotator "TA"]
[ECO "D13"]
[WhiteElo "2020"]
[BlackElo "2079"]
[PlyCount "127"]
[EventDate "2025.03.25"]
[EventCountry "IND"]
[SourceTitle "playchess.com"]
[Source "ChessBase"]
[SourceQuality "1"]
[TimeControl "5400+30"]

1. d4 d5 2. c4 c6 3. Nf3 Nf6 4. cxd5 cxd5 5. Nc3 Nc6 6. Bf4 Nh5 7. Be5 f6 {[%emt 0:09:05] D13: Slav Defence: Exchange variation without ...Bf5.} 8. Bg3 e6 9. e3 g6 {[%emt 0:11:36] White has an edge.} 10. Bd3 Be7 11. Bh4 O-O 12. a3 $146 ({Predecessor:} 12. O-O a6 13. Rc1 Bd7 14. a3 Ng7 15. e4 dxe4 16. Bxe4 Kh8 17. d5 exd5 18. Nxd5 {1-0 Aghamaliyev,C (2481)-Alizada,I Julfa Salvation Day 2016 (3)}) 12... Bd7 13. O-O Rc8 14. e4 Nf4 15. exd5 exd5 16. Bb1 Be6 17. Qd2 Nh5 18. Ba2 g5 19. Rfe1 Bf7 20. Bg3 Re8 21. Qd3 Qd7 22. Rac1 Kg7 23. b4 Bf8 24. Bb3 a5 25. Rxe8 Rxe8 26. b5 $1 Ne7 27. Na4 Rc8 {[%emt 0:01:17] Prevents Rc7} ({Black should try} 27... Nxg3 $15 28. hxg3 Qd8) 28. Nc5 $40 {[%emt 0:00:10][%mdl 128] White attacks.} Qf5 (28... Nxg3 $11 29. Nxd7 Rxc1+ 30. Bd1 Ne4) 29. Qd2 $16 {[%emt 0:00:36] [#]} Nxg3 30. hxg3 b6 (30... Ra8 $16) 31. Bc2 $18 Qg4 32. Nh2 Qh5 33. Nd7 Rd8 34. Nxb6 Be8 35. Re1 (35. Qxa5 $142 Rd6 36. g4) 35... Bxb5 36. Qxa5 Qe8 (36... Be8 $142 37. Nf1 Qf7) 37. Ng4 Qc6 {[%emt 0:00:27] Wards off Re6} (37... Rd6 $16 38. a4 Bd7) 38. a4 Qxc2 39. axb5 (39. Qxb5 $6 Qd2 40. Kf1 Qxd4 $16) 39... h5 40. Ne3 Qc7 41. Nbc4 {[%emt 0:01:00] Excellent horsemanship.} Qd7 {[%emt 0:00:49] [#]} (41... Qxa5 $16 42. Nxa5 Rd6) 42. Nd2 $1 Rb8 43. Rb1 Nc8 (43... Qd6 {keeps fighting.} 44. b6 Qc6) 44. b6 Ne7 45. Qa7 Rb7 46. Qa5 (46. Qa6 $18 Qc6 47. Qa5) 46... Qc6 $2 (46... Rb8 $1 $11 {and Black stays safe.} 47. Nb3 Nc8) 47. Qb5 Qd6 (47... Kg6 $142 48. Qc5 g4 49. Qxc6 Nxc6 50. Nxd5 Nxd4) 48. Nf3 Kf7 49. g4 (49. Ne1 $18 {Nd3 would now be deadly.} Nc6 50. Qa6 (50. Qxd5+ Qxd5 51. Nxd5 Nxd4 $18) (50. Nxd5 Nxd4 51. Qc4 Qc5 $18)) 49... hxg4 $16 50. Nxg4 Nc8 51. Qd3 {[%emt 0:00:14] White has more active pieces.} Kg7 {[%emt 0:00:54] Inhibits Qh7+.} 52. Ne3 Qe6 53. Rb5 (53. Nf5+ Kg8 54. Re1 Qxb6 $18) 53... Rxb6 54. Nxd5 (54. Rxd5 $142 Bd6 55. Ra5 (55. Nf5+ Kf8 $16)) 54... Rxb5 55. Qxb5 g4 $2 (55... Nd6 $14 56. Qc6 Kf7) 56. Nh2 (56. Nf4 $18 {is the precise move to win.} Qf7 57. Nh4) 56... Nd6 57. Qa5 (57. Qc6 $16) 57... Qe4 $14 58. Qc5 (58. Nf1 $16) 58... Qe1+ $2 (58... g3 $11 59. Nf1 (59. fxg3 Nf7 $15) 59... Nf7) 59. Nf1 $16 Ne4 60. Qc7+ Kh8 (60... Kg8 $142 61. Qf4 Kf7) 61. Qf4 $18 Bd6 $2 (61... Bg7 62. Nde3 (62. Qxg4 Qxf2+ 63. Kh2 Qxd4 $11) 62... Nc3) 62. Qh6+ {[%emt 0:00:05] White is clearly winning.} (62. Qxg4 $2 Qxf2+ 63. Kh1 Qxf1#) 62... Kg8 63. Nxf6+ Nxf6 64. Qg6+ {[%emt 0:00:04] Weighted Error Value: White=0.31/Black=0.41  Loses game:     	---       	Black=2      Missed win:     	White=1     	---        Mistake:       	White=6     	Black=11     Inaccurate:     	White=6     	Black=1      OK:         	White=18    	Black=19     Best:        	White=6     	Black=6      Strong:       	White=1     	---} (64. Qxf6 g3 65. Qg5+ (65. Qxd6 $2 {is a self mate.} Qxf2+ 66. Kh1 Qxf1#) 65... Kf7 66. Qf5+ (66. fxg3 Qb1 $18) 66... Ke7 67. fxg3 Kd8 $18) 1-0

[Event "12th National Amateur Chess-ch 2025"]
[Site "Bihar"]
[Date "2025.03.27"]
[Round "4.5"]
[White "Gurung Rohit"]
[Black "Salil, Kumar D."]
[Result "1/2-1/2"]
[Annotator "TA"]
[ECO "B22"]
[WhiteElo "1902"]
[BlackElo "1777"]
[PlyCount "169"]
[EventDate "2025.03.25"]
[EventCountry "IND"]
[SourceTitle "playchess.com"]
[Source "ChessBase"]
[SourceQuality "1"]
[TimeControl "5400+30"]

1. e4 c5 2. c3 g6 3. d4 cxd4 4. cxd4 Bg7 5. h3 d6 6. Nf3 {[%emt 0:05:42] B22: Sicilian: 2 c3.} Nc6 7. Nc3 Bd7 (7... e6 $11 {remains equal.}) 8. Be2 $16 {[%emt 0:03:46] White is better.} Rc8 9. O-O h5 $146 (9... a6 10. Be3 Na5 11. Nd2 e6 12. Nb3 Nc4 13. Bxc4 Rxc4 14. Qd3 Rc8 15. Bf4 Qb6 {1-0 Niering,M (2226)-Salzmann,P (2136) Oberliga Ost-A 1617 2016 (11.4)}) 10. Be3 a6 11. Rc1 Nf6 12. e5 dxe5 13. dxe5 Nh7 14. Qb3 $36 {[%emt 0:03:04][%mdl 2048] Keeping Black busy.} b5 15. Rfd1 {[%emt 0:01:40][%cal Bf1d1,Bd1d7,Bd7b7][%mdl 32] White is more active.} Qa5 $2 {[%emt 0:10:46][%mdl 8192] [#]} (15... Nxe5 $16 16. Qa3 Nf8 17. Qxa6 Rc6 18. Qxb5 Nxf3+ 19. Bxf3 Rxc3 20. Rxd7 Qxd7 21. Qb8+ Qd8 22. Qxd8+ Kxd8 23. bxc3 Nd7) 16. Rxd7 $1 $18 O-O 17. Rcd1 e6 18. Rb7 Qb4 19. Qxb4 Nxb4 20. a3 Nc6 21. Rdd7 Nxe5 22. Nxe5 Bxe5 23. Bh6 Nf6 24. Bxf8 Nxd7 25. Be7 Nc5 26. Bxc5 Rxc5 27. Rb6 Bxc3 28. bxc3 Rxc3 29. Rxa6 {[%emt 0:00:03][%mdl 4096] Endgame KRB-KR} Rb3 30. g3 b4 31. a4 Ra3 32. Bc4 b3 {[%emt 0:05:04] ...b2 would now be deadly.} 33. Rb6 Rxa4 34. Bxb3 Ra7 35. f4 Kg7 36. Kf2 Rc7 37. Bd1 Ra7 38. Be2 Rc7 39. Rd6 Ra7 40. Bd3 Rc7 41. Kf3 Ra7 42. g4 hxg4+ 43. hxg4 Rc7 44. Ke3 Ra7 45. Be4 Rc7 46. Bc6 Ra7 (46... Kf6) 47. g5 Rc7 48. Kd4 Ra7 49. Rd7 Ra5 50. Rb7 Kf8 51. Bb5 Ra8 52. Ke5 Kg7 53. Bd7 Ra5+ 54. Kd6 $2 (54. Ke4 $18 Kf8 55. Rb8+ Kg7 56. Be8) 54... Rd5+ $16 55. Kc6 Kf8 $1 56. Rb8+ Kg7 57. Rb4 Kf8 58. Bc8 Kg8 $2 (58... Ra5 $16) 59. Re4 $18 Rd1 60. Kc7 Kf8 61. Bd7 Ke7 (61... Rc1+ $16 62. Bc6 Rd1) 62. Bc6 (62. Bb5 $18) 62... Rc1 {[%emt 0:00:22] [#]} (62... f6 $16) 63. Ra4 (63. Kb6 $1 $18) 63... Kf8 $2 (63... Rc5 $16) 64. Ra8+ Kg7 65. Kd6 {[%emt 0:00:20] Repels Rc5} Rf1 66. Ra4 Kf8 67. Rd4 Ra1 68. Ba4 Re1 69. Rb4 Re3 70. Bc2 Re2 71. Rb8+ Kg7 72. Rc8 $2 (72. Bb1 $18 {and White stays clearly on top.}) 72... Rd2+ $2 {[%emt 0:00:33] [#]} (72... e5 $16 {is a better defense.}) 73. Ke7 $2 (73. Ke5 $1 $18) 73... Rd4 $14 74. Rf8 Rxf4 75. Bd3 e5 76. Bb5 {[%emt 0:00:58] Be8 is the strong threat.} e4 $1 {[%emt 0:00:52] The position is equal.} 77. Re8 Rf5 78. Bc6 Re5+ 79. Kd6 Rxe8 80. Bxe8 $11 {[%emt 0:00:07] Intending Ke7 and mate. KB-K3P} f6 (80... e3 $5 81. Bb5 $8 f6 $16) 81. Ke6 fxg5 {[%emt 0:00:10] ( -> ...g4)} 82. Bc6 (82. Bb5 $5 g4 $8 83. Ke5 $19) 82... g4 {[%emt 0:02:19] ( -> ...e3)} (82... e3 $5 83. Bf3 $8 g4 84. Bxg4 g5 $11 (84... e2 85. Bxe2 g5 86. Bg4 $11)) 83. Bxe4 Kh6 84. Kf6 g3 85. Bf3 {[%emt 0:00:06] White really could win this.   Weighted Error Value: White=0.24 (precise) /Black=0.24 (precise)   Loses game:     	---       	Black=4      Missed win:     	White=2     	---        Mistake:       	White=3     	Black=4      Inaccurate:     	White=3     	Black=1      OK:         	White=35    	Black=19     Best:        	White=1     	Black=8      Strong:       	---       	Black=2      Brilliant:      	White=1     	---} 1/2-1/2

[Event "12th National Amateur Chess-ch 2025"]
[Site "Bihar"]
[Date "2025.03.27"]
[Round "4.6"]
[White "Ayushman Mohanty"]
[Black "Aman Balana"]
[Result "1-0"]
[Annotator "NA RC"]
[ECO "B92"]
[WhiteElo "1827"]
[BlackElo "1827"]
[PlyCount "91"]
[EventDate "2025.03.25"]
[EventCountry "IND"]
[SourceTitle "playchess.com"]
[Source "ChessBase"]
[SourceQuality "1"]
[TimeControl "5400+30"]

1. e4 c5 2. Nf3 d6 3. d4 cxd4 4. Nxd4 Nf6 5. Nc3 a6 6. Be2 e5 7. Nb3 Be7 8. O-O O-O 9. Be3 Be6 10. Qd3 Nbd7 11. Nd5 Rc8 12. Rac1 b5 13. Rfd1 Bxd5 14. exd5 Nb6 15. Bxb6 Qxb6 16. c4 b4 17. c5 dxc5 18. d6 Bd8 19. Qxa6 Qxa6 20. Bxa6 Ra8 21. Nxc5 Bb6 22. Bf1 Rxa2 23. d7 Raa8 24. Nb7 Rab8 25. Ba6 Ra8 26. Bb5 Rab8 27. Rc6 Bd8 28. Ba6 Be7 29. f3 e4 30. fxe4 Nxe4 31. Rdc1 Nf6 32. Re1 Bd8 33. Rd1 h5 34. Kf1 Ng4 35. Ke2 Bg5 36. h3 Nh6 37. Rd5 Be7 38. Re5 Bf6 39. Rxh5 Be7 40. Re5 Bf6 41. Rec5 Ra8 42. g4 Be7 43. Rd5 f6 44. Bc4 Kh8 45. Re6 Ng8 46. Rxe7 1-0

[Event "12th National Amateur Chess-ch 2025"]
[Site "Bihar"]
[Date "2025.03.27"]
[Round "4.7"]
[White "Archisman Patra"]
[Black "Ebenezer, Joseph"]
[Result "1/2-1/2"]
[Annotator "TA"]
[ECO "C05"]
[WhiteElo "1791"]
[BlackElo "1961"]
[PlyCount "85"]
[EventDate "2025.03.25"]
[EventCountry "IND"]
[SourceTitle "playchess.com"]
[Source "ChessBase"]
[SourceQuality "1"]
[TimeControl "5400+30"]

1. e4 e6 2. d4 d5 3. Nd2 Nf6 4. e5 Nfd7 5. c3 c5 6. f4 Nc6 7. Ndf3 Qb6 8. a3 a5 9. b3 {[%emt 0:00:53] C05: French Tarrasch: 3...Nf6 4 e5 Nfd7, 5 f4 and 5 Bd3 sidelines.} Be7 10. h4 Ndb8 11. Bd3 {[%emt 0:02:50] White is slightly better.} Bd7 $146 (11... cxd4 12. cxd4 Bd7 13. Ne2 Na7 14. Kf2 Bb5 15. Bc2 Nbc6 16. Be3 Bxe2 17. Qxe2 Nb5 {0-1 Longson,S (1966)-Corke,A (2255) Wch U20 Girls 2008 (7)}) 12. Ne2 Na6 13. Be3 h6 14. h5 (14. Kf2 $14) 14... O-O-O (14... cxd4 $11 15. Nexd4 (15. cxd4 Bxa3 16. O-O Be7 $11) 15... Nc5) 15. Rh3 (15. O-O $16) 15... Rdg8 (15... cxd4 $14 {deserves consideration.} 16. Nexd4 (16. Nfxd4 Nc5 $16) (16. cxd4 Bxa3 17. Kf1 Bb4 $11) 16... Nc5) 16. Rg3 Nc7 17. dxc5 Bxc5 18. Bxc5 Qxc5 19. Qd2 Qb6 20. Ned4 Nxd4 21. Nxd4 Nb5 22. Bxb5 Bxb5 {[%emt 0:00:07] Black is weak on the dark squares} 23. O-O-O {[%emt 0:00:43] White is more active.} g6 24. Rh1 a4 25. b4 (25. hxg6 $1 $16 {Hoping for g7.} fxg6 26. c4 dxc4 27. bxc4) 25... gxh5 $11 26. Rxg8+ Rxg8 27. Rxh5 Bf1 ({Black should play} 27... Qa6 $1 $11) 28. g3 ({White should try} 28. Qd1 $14 Qa6 29. g4 (29. Rxh6 Bxg2 $14)) 28... Rxg3 29. Qe1 Rd3 30. Rxh6 {[%emt 0:06:00] [#]} (30. Qxf1 $2 Rxc3+ 31. Nc2 Qe3+ 32. Kd1 Rd3+ $19) (30. Kb1 $11 {remains equal.}) 30... Rxd4 $1 $17 31. Rh8+ {[%emt 0:01:31] [#]} Kd7 $1 32. cxd4 $2 (32. Qxf1 $17 Qc6 33. Rh3) 32... Qxd4 {[%emt 0:00:34][%mdl 4096] Endgame KQR-KQB} 33. Qg3 (33. Rh2 $142) 33... Bd3 {[%emt 0:04:57] ( -> ...Qc3+)} 34. Qh2 Bf5 $2 (34... Kc7 $19 {...Qc3+ is the strong threat.} 35. Kd1 Qa1+ 36. Kd2 Bb5 (36... Qxa3 37. Qh4 $16)) 35. Qh4 $1 $11 {[%emt 0:03:00] The position is equal.} Qc3+ 36. Kd1 {[%emt 0:00:02] Really sharp!} Bc2+ (36... Qxa3 37. Qd8+ Kc6 38. Qd6+ Kb5 39. Qc5+ Ka6 40. Ra8#) 37. Ke2 Bd3+ (37... Qxa3 38. Qd8+ Kc6 39. Qd6+ Kb5 40. Qc5+ Ka6 41. Ra8#) 38. Kf2 Qd2+ ({Weaker is} 38... Qxa3 39. Qd8+ Kc6 40. Qc8+ Kb6 41. Qc5+ Ka6 42. Ra8#) 39. Kg1 Qd1+ 40. Kh2 Qe2+ 41. Kg1 Qf1+ 42. Kh2 {[%emt 0:00:02] Threatening mate with Qd8+.} Qe2+ 43. Kg1 {[%emt 0:00:03] Weighted Error Value: White=0.34/Black=0.30  Loses game:     	White=1     	---        Missed win:     	---       	Black=1      Mistake:       	White=6     	Black=3      Inaccurate:     	White=4     	Black=4      OK:         	White=9     	Black=9      Best:        	White=1     	Black=1      Strong:       	White=1     	Black=2} 1/2-1/2

[Event "12th National Amateur Chess-ch 2025"]
[Site "Bihar"]
[Date "2025.03.27"]
[Round "4.8"]
[White "Rahul, Kumar"]
[Black "Rohit Rahulkumar J"]
[Result "1/2-1/2"]
[Annotator "NA RC"]
[ECO "B78"]
[WhiteElo "1825"]
[BlackElo "1707"]
[PlyCount "84"]
[EventDate "2025.03.25"]
[EventCountry "IND"]
[SourceTitle "playchess.com"]
[Source "ChessBase"]
[SourceQuality "1"]
[TimeControl "5400+30"]

1. e4 c5 2. Nf3 d6 3. d4 cxd4 4. Nxd4 Nf6 5. Nc3 g6 6. Be3 Bg7 7. f3 O-O 8. Bc4 Nc6 9. Qd2 Bd7 10. O-O-O Rc8 11. Bb3 Nxd4 12. Bxd4 b5 13. e5 dxe5 14. Bxe5 Bc6 15. Qe3 Qa5 16. Bd4 b4 17. Ne2 Ba4 18. Qe5 Qa6 19. Kb1 Bxb3 20. axb3 Qc6 21. Rd2 Rc7 22. Qa5 Bh6 23. Be5 Rcc8 24. Bf4 Bg7 25. Rhd1 Nh5 26. Qxb4 a5 27. Qe4 Qf6 28. c3 Qb6 29. Qa4 Nxf4 30. Nxf4 e6 31. Ne2 Bh6 32. Rd4 Bg7 33. R4d2 Bh6 34. Rc2 Rfd8 35. Rxd8+ Rxd8 36. Nd4 e5 37. Qb5 Qd6 38. Ne2 Qd1+ 39. Nc1 Qg1 40. Qxe5 Rd1 41. Qb8+ Kg7 42. Qe5+ Kg8 1/2-1/2

[Event "12th National Amateur Chess-ch 2025"]
[Site "Bihar"]
[Date "2025.03.27"]
[Round "4.9"]
[White "Vamsi Krishna, R."]
[Black "Tejas Shandilya"]
[Result "1-0"]
[Annotator "NA RC"]
[ECO "D05"]
[WhiteElo "1620"]
[BlackElo "1675"]
[PlyCount "89"]
[EventDate "2025.03.25"]
[EventCountry "IND"]
[SourceTitle "playchess.com"]
[Source "ChessBase"]
[SourceQuality "1"]
[TimeControl "5400+30"]

1. d4 d5 2. e3 e6 3. Nf3 Nf6 4. Bd3 Be7 5. O-O O-O 6. Nbd2 b6 7. Re1 Bb7 8. e4 dxe4 9. Nxe4 Nxe4 10. Bxe4 Bxe4 11. Rxe4 c5 12. Qe2 Nc6 13. c3 cxd4 14. Nxd4 Qc8 15. Nf3 Bf6 16. Bg5 Qd8 17. Bxf6 Qxf6 18. Rh4 Ne7 19. Rd4 Nf5 20. Rd7 Rad8 21. Rxa7 Nh4 22. Nxh4 Qxh4 23. Rd1 Qe4 24. Kf1 Qf4 25. g3 Rxd1+ 26. Qxd1 Qe4 27. Kg1 g6 28. Ra4 Qf5 29. Rf4 Qg5 30. h4 Qb5 31. Rb4 Qa5 32. a4 Ra8 33. Qd4 e5 34. Qd6 Qc5 35. Qxc5 bxc5 36. Rb5 Rxa4 37. Rxc5 e4 38. b4 Kf8 39. b5 Ra1+ 40. Kg2 Rb1 41. c4 Rb2 42. Kf1 Ke7 43. Re5+ Kd6 44. Rxe4 Kc5 45. Re7 1-0

[Event "12th National Amateur Chess-ch 2025"]
[Site "Bihar"]
[Date "2025.03.27"]
[Round "4.10"]
[White "Adithya Vishveshwaran M"]
[Black "Jaikishan Jaiswal"]
[Result "0-1"]
[Annotator "NA RC"]
[ECO "D73"]
[WhiteElo "1667"]
[BlackElo "1616"]
[PlyCount "57"]
[EventDate "2025.03.25"]
[EventCountry "IND"]
[SourceTitle "playchess.com"]
[Source "ChessBase"]
[SourceQuality "1"]
[TimeControl "5400+30"]

1. Nf3 g6 2. d4 Nf6 3. g3 Bg7 4. Bg2 d5 5. c4 c6 6. Bf4 O-O 7. Nc3 Ne4 8. Nxe4 dxe4 9. Ne5 f6 10. Nxg6 hxg6 11. Bxe4 f5 12. Bd3 Qxd4 13. Rb1 e5 14. Be3 Qd8 15. c5 Be6 16. Qc2 Qa5+ 17. Bd2 Qxa2 18. f3 Qb3 19. h4 Qxc2 20. Bxc2 Nd7 21. b4 Nf6 22. g4 Kf7 23. h5 gxh5 24. gxf5 Bc4 25. Kf2 b5 26. e4 Rfd8 27. Bg5 a5 28. Ke1 axb4 29. f4 0-1

[Event "12th National Amateur Chess-ch 2025"]
[Site "Bihar"]
[Date "2025.03.27"]
[Round "4.11"]
[White "Veer Rakeshkumar Patel"]
[Black "Gadge Vedant"]
[Result "0-1"]
[Annotator "NA RC"]
[ECO "B07"]
[WhiteElo "1608"]
[BlackElo "1667"]
[PlyCount "56"]
[EventDate "2025.03.25"]
[EventCountry "IND"]
[SourceTitle "playchess.com"]
[Source "ChessBase"]
[SourceQuality "1"]
[TimeControl "5400+30"]

1. e4 g6 2. d4 Bg7 3. Nc3 d6 4. Be3 Nf6 5. f3 O-O 6. Qd2 e5 7. d5 Nbd7 8. Nh3 a6 9. a4 Nc5 10. Bxc5 dxc5 11. Nf2 Nh5 12. Nd3 b6 13. O-O-O Qd6 14. Kb1 Bd7 15. g4 Nf4 16. Nc1 Rfb8 17. g5 b5 18. a5 b4 19. N3e2 Bb5 20. Nxf4 exf4 21. Nd3 c4 22. Nxb4 Ba4 23. c3 Bxd1 24. Qxd1 Rxb4 25. cxb4 Qxb4 26. Qc2 Rb8 27. Bxc4 Bxb2 28. Bb3 Be5 0-1

[Event "12th National Amateur Chess-ch 2025"]
[Site "Bihar"]
[Date "2025.03.27"]
[Round "4.12"]
[White "Aole Sangharsh"]
[Black "Avyay Sharma"]
[Result "0-1"]
[Annotator "NA RC"]
[ECO "D02"]
[WhiteElo "1664"]
[BlackElo "1586"]
[PlyCount "120"]
[EventDate "2025.03.25"]
[EventCountry "IND"]
[SourceTitle "playchess.com"]
[Source "ChessBase"]
[SourceQuality "1"]
[TimeControl "5400+30"]

1. d4 Nf6 2. Bf4 d5 3. e3 e6 4. Nf3 c5 5. c3 Nc6 6. Be2 cxd4 7. exd4 Bd6 8. Bg3 Ne7 9. Ne5 Bxe5 10. dxe5 Ne4 11. Nd2 Nxg3 12. hxg3 Bd7 13. Qc2 h6 14. Nf3 Nc6 15. c4 Rc8 16. Qd2 dxc4 17. Bxc4 Qc7 18. O-O O-O 19. Qe3 Qa5 20. a3 a6 21. b4 Qc7 22. Rac1 b5 23. Bd3 Qb7 24. Nd2 Ne7 25. Ne4 Nf5 26. Qf4 Qd5 27. Rcd1 Bc6 28. g4 Ne7 29. Bb1 Ng6 30. Rxd5 Nxf4 31. Rd6 Bd5 32. Nc5 Bxg2 33. Rfd1 Bd5 34. Kh2 Rfd8 35. Be4 Rxd6 36. exd6 Rd8 37. Kg3 Ne2+ 38. Kf3 Nc3 39. Bxd5 Rxd6 40. Rd3 Nxd5 41. Rb3 Rc6 42. Nd7 Rc7 43. Nb8 Ra7 44. Ke4 Ra8 45. Nd7 Rc8 46. Ke5 Rc6 47. Nb8 f6+ 48. Kd4 Rc4+ 49. Kd3 Rxg4 50. Nxa6 h5 51. Rb1 Nf4+ 52. Kd4 Ne2+ 53. Kc5 Nc3 54. Rb3 Rc4+ 55. Kb6 h4 56. a4 bxa4 57. Ra3 h3 58. Ra1 a3 59. Ka5 h2 60. b5 Ra4+ 0-1